AoeStats
← jeff224171

MegaRandom

509692791Analyzed
2v2 RM · 4d ago on Sep 27, 2026· 56m 33s· 4 players
Game mode
Random Map
Map size
Medium (4 player)
Population
200
Speed
Normal
Resources
Standard
Victory
Conquest
Starting age
Dark Age
Ending age
Imperial Age
RankedLock teamsTeams togetherTeam positionsShared explorationLock speedFull tech treeHidden civsTurbo modeCheats
Victory
Defeat
🇹🇼 Malians · Taiwan
1322
+18
🇹🇼 Japanese · Taiwan
1321
+18
🇫🇷 Mongols · France
1365
-18
🇫🇷 Spanish · France
1358
-18
jeff224171
6:30 Loom
10:04 Feudal Age
10:49 Double-Bit Axe
10:46 Horse Collar
19:32 Gold Mining
22:26 Castle Age
21:05 Bloodlines
21:34 Forging
23:11 Husbandry
23:50 Wheelbarrow
23:55 Gold Shaft Mining
26:36 Town Watch
27:27 Scale Barding Armor
28:34 Chain Barding Armor
29:54 Iron Casting
32:50 Stone Mining
38:27 Imperial Age
36:41 Heavy Plow
36:56 Bow Saw
36:30 Treadmill Crane
37:01 Masonry
38:00 Fletching
38:35 Ballistics
40:05 Stone Shaft Mining
40:37 Plate Barding Armor
39:24 Heavy Camel Rider
39:31 Light Cavalry
40:59 Bodkin Arrow
41:04 Padded Archer Armor
41:58 Conscription
42:39 Elite Gbeto
43:22 Farimba
43:05 Elite Skirmisher
45:08 Chemistry
45:25 Leather Archer Armor
46:38 Masonry
49:24 Ring Archer Armor
48:55 Scale Mail Armor
48:17 Pikeman
48:58 Squires
48:43 Arson
48:19 Man-at-Arms
50:29 Long Swordsman
52:09 Two-Handed Swordsman
53:12 Champion
54:09 Elite Gbeto
55:25 Hoardings
55:32 Architecture
54:58 Murder Holes
56:43 Crop Rotation
56:38 Caravan
56:49 Guilds
57:10 Coinage
j79609
5:28 Loom
8:50 Feudal Age
14:30 Double-Bit Axe
19:12 Fletching
25:04 Castle Age
23:43 Padded Archer Armor
24:20 Gold Mining
25:10 Crossbowman
26:01 Bodkin Arrow
27:05 Ballistics
27:42 Wheelbarrow
27:54 Leather Archer Armor
32:51 Horse Collar
33:29 Bow Saw
36:38 Hand Cart
42:49 Imperial Age
40:54 Forging
40:44 Scale Mail Armor
40:54 Forging
41:03 Scale Barding Armor
41:41 Heavy Plow
41:59 Thumb Ring
42:18 Stone Mining
42:51 Chain Barding Armor
42:10 Light Cavalry
43:01 Bloodlines
43:43 Iron Casting
43:01 Arbalester
44:12 Conscription
44:23 Bracer
44:25 Pikeman
47:10 Chemistry
47:06 Ring Archer Armor
47:46 Blast Furnace
47:25 Squires
48:10 Husbandry
48:57 Scale Mail Armor
48:38 Halberdier
51:27 Chain Mail Armor
51:37 Caravan
51:52 Treadmill Crane
52:04 Elite Skirmisher
53:52 Kataparuto
54:25 Gold Shaft Mining
55:31 Two-Man Saw
55:47 Hoardings
55:45 Plate Mail Armor
57:27 Coinage
56:28 Cavalier
Cranve
7:14 Loom
11:02 Feudal Age
11:38 Double-Bit Axe
18:57 Horse Collar
21:24 Castle Age
21:24 Bloodlines
23:08 Padded Archer Armor
26:11 Husbandry
27:03 Bow Saw
32:25 Leather Archer Armor
32:45 Inquisition
32:44 Town Watch
33:35 Wheelbarrow
38:50 Imperial Age
36:38 Scale Barding Armor
37:49 Chain Barding Armor
39:16 Forging
39:33 Heavy Plow
38:57 Cavalier
40:15 Plate Barding Armor
40:20 Conscription
41:25 Iron Casting
40:52 Elite Conquistador
41:19 Pikeman
41:59 Squires
42:19 Scale Mail Armor
42:45 Stone Mining
42:51 Gold Mining
42:24 Halberdier
43:36 Chain Mail Armor
44:21 Blast Furnace
46:24 Plate Mail Armor
Jean-Paul Golmondo
10:05 Feudal Age
10:39 Loom
11:13 Double-Bit Axe
11:48 Horse Collar
12:59 Fletching
19:55 Padded Archer Armor
22:41 Castle Age
21:48 Bloodlines
23:19 Bodkin Arrow
24:37 Bow Saw
24:38 Gold Mining
25:37 Wheelbarrow
27:20 Heavy Plow
29:18 Elite Skirmisher
32:12 Husbandry
36:38 Town Watch
43:35 Imperial Age
43:20 Hand Cart
43:38 Leather Archer Armor
44:19 Bracer
45:22 Chemistry
45:33 Ballistics
45:21 Light Cavalry
46:10 Scale Barding Armor
46:16 Forging
45:52 Onager
47:33 Siege Engineers
47:53 Chain Barding Armor
51:01 Conscription
51:33 Masonry
52:44 Hussar
53:51 Drill
55:24 Iron Casting
Connection lost

Rejoining the realm…

Still unreachable

The connection could not be restored.

Session expired

The server has moved on; the page needs a fresh start.